 Dungeon Crawl Stone Soup version 0.21-a0-538-gd16b88a (webtiles) character file.

12215 mortelune the Destroyer (level 11, -19/97 HPs)
             Began as a Purple Draconian Fire Elementalist on Dec 16, 2017.
             Was an Elder of Makhleb.
             Demolished by a red devil
             ... wielding a +2 trident of flaming
              (22 damage)
             ... in a volcano.
             The game lasted 01:02:33 (17980 turns).

mortelune the Destroyer (DrFE)                     Turns: 17980, Time: 01:02:33

Health: -19/97     AC:  9    Str: 11    XL:     11   Next: 59%
Magic:  20/20      EV: 12    Int: 18    God:    Makhleb [****..]
Gold:   689        SH:  0    Dex: 12    Spells: 7/22 levels left

rFire    + . .     SeeInvis .   s - +3 halberd (venom)
rCold    + + .     Gourm    .   (shield currently unavailable)
rNeg     . . .     Faith    .   (armour unavailable)
rPois    +         Spirit   .   (helmet restricted)
rElec    +         Reflect  .   L - +0 cloak {MR+}
rCorr    +         Harm     .   F - +0 pair of gloves
MR       ++...                  (no boots)
Stlth    ++........             (no amulet)
HPRegen  0.26/turn              o - ring of protection from cold
MPRegen  0.17/turn              (no ring)

@: about to teleport, resistant, flying
A: breathe power, unfitting armour, cold-blooded, AC +7
a: Breathe Dispelling Energy, Minor Destruction, Lesser Servant of Makhleb,
Major Destruction, Renounce Religion


You were in a volcano.
You worshipped Makhleb.
Makhleb was greatly pleased with you.
You were not hungry.

You visited 2 branches of the dungeon, and saw 12 of its levels.
You also visited: Volcano.

You collected 689 gold pieces.

Inventory:

Hand Weapons
 e - a +0 whip
 g - a +0 mace
 s - a +3 halberd of venom (weapon)
Armour
 h - a +0 cloak
 A - a +0 cloak
 F - a +0 pair of gloves (worn)
 L - a +0 cloak of magic resistance (worn)
Jewellery
 o - a ring of protection from cold (left hand)
 x - an uncursed ring of ice
Wands
 p - a wand of random effects (68)
 D - a wand of acid (16)
 K - a wand of iceblast (7)
 M - a wand of polymorph (7)
 N - a wand of disintegration (19)
Scrolls
 i - 9 scrolls of teleportation
 j - 5 scrolls of remove curse
 k - 3 scrolls of enchant weapon
 m - 2 scrolls of fear {unknown}
 n - a scroll of random uselessness {unknown}
 u - 3 scrolls of fog
 y - 3 scrolls of blinking {unknown}
 B - 3 scrolls of magic mapping
 G - a scroll of enchant armour {unknown}
 P - a scroll of identify
Potions
 c - 2 potions of agility
 d - 2 potions of degeneration
 f - 4 potions of brilliance
 q - 2 potions of mutation
 v - a potion of berserk rage {unknown}
 w - a potion of flight
 C - a potion of haste {unknown}
 E - a potion of invisibility {unknown}
 H - a potion of ambrosia
 J - 2 potions of curing {unknown}
Books
 a - a book of Flames

   Spells                             Type                      Level
   a - Flame Tongue                   Conjuration/Fire             1
   b - Throw Flame                    Conjuration/Fire             2
   c - Conjure Flame                  Conjuration/Fire             3
   d - Inner Flame                    Hexes/Fire                   3
   e - Sticky Flame                   Conjuration/Fire             4
   f - Fireball                       Conjuration/Fire             5
Miscellaneous
 I - a lamp of fire
Comestibles
 b - 11 bread rations
 l - 3 royal jellies
 r - 11 fruits
 z - 3 meat rations


   Skills:
 + Level 9.3 Fighting
 + Level 6.8 Polearms
 - Level 1.7 Dodging
 - Level 1.7 Stealth
 - Level 6.3 Spellcasting
 + Level 9.4 Conjurations
 + Level 9.2 Fire Magic
 + Level 6.9 Invocations


You had 7 spell levels left.
You knew the following spells:

 Your Spells              Type           Power        Failure   Level  Hunger
a - Flame Tongue          Conj/Fire      #####        1%          1    None
b - Throw Flame           Conj/Fire      #####.       1%          2    None
c - Conjure Flame         Conj/Fire      #####...     1%          3    ##.....
d - Sticky Flame          Conj/Fire      #####...     2%          4    ####...
e - Fireball              Conj/Fire      #####.....   7%          5    #####..


Dungeon Overview and Level Annotations

Branches:
Dungeon (11/15)            Temple (0/1) D:6            Lair (1/6) D:8
    Orc (0/2) D:11

Altars:
Cheibriados
Dithmenos
Elyvilon
Gozag
Makhleb
Okawaru
Sif Muna
Trog
Uskayaw
Vehumet

Annotations:
D:11 exclusion: obsidian statue


Innate Abilities, Weirdness & Mutations

You can breathe bolts of dispelling energy.
Your rich purple scales are hard. (AC +7)
You cannot fit into any form of body armour.
You are cold-blooded and may be slowed by cold attacks.


Message History

You are engulfed in flames!
The red devil hits you from afar with a trident of flaming!
The red devil burns you.
Something unseen opens the door.
You feel protected.
The red devil hits you from afar with a trident of flaming.
The red devil burns you. The sun demon hits you!!
* * * LOW HITPOINT WARNING * * *
You are engulfed in flames.
You resist.
* * * LOW HITPOINT WARNING * * *
Something unseen opens the door.
The red devil hits you from afar with a trident of flaming!
* * * LOW HITPOINT WARNING * * *
The red devil burns you.
* * * LOW HITPOINT WARNING * * *
A red ugly thing comes into view.
Okay, then.
As you read the scroll of teleportation, it crumbles to dust.
You feel strangely unstable.
The red devil hits you from afar with a trident of flaming!!
You die...

§≈≈§≈≈≈≈§§≈.≈§§≈≈≈§≈≈≈≈≈
§§§≈...§............
≈§≈.########+###### ≈§..
#.# §≈≈ #.# ≈§ #.# #.#
#.# #@# #3#


444 .8_8. '.....u ######### ..≈≈§§§≈ §§≈≈ §≈..≈≈§§ §§≈≈≈≈≈§≈≈≈≈ ≈≈≈§..≈≈ You
could see a red ugly thing, a sun demon, a hellwing and 2 red devils.

Vanquished Creatures
  3 two-headed ogres
  Pikel (D:7)
  A cyclops (D:11)
  Joseph (D:9)
  Psyche (D:11)
  A spiny frog (Lair:1)
  The ghost of Scuka the Slasher, an amateur BaFi (D:3)
  A hornet (D:7)
  A hippogriff (Lair:1)
  Prince Ribbit (D:5)
  A spriggan (D:8)
  Eustachio (D:5)
  4 yaks (D:10)
  2 hungry ghosts
  3 wyverns
  2 basilisks (D:8)
  A steam dragon (D:7)
  Menkaure (D:7)
  3 wargs (D:11)
  A porcupine (D:8)
  8 ice beasts
  A slave (D:7)
  A black bear (D:8)
  3 ogres
  2 phantoms
  2 wolves (D:8)
  A sky beast (D:5)
  3 centaurs
  An eye of draining (D:10)
  3 crocodiles
  5 bullfrogs
  2 wyvern skeletons
  5 scorpions
  A hornet simulacrum (D:10)
  10 killer bees
  3 wights (D:10)
  An electric eel (D:10)
  A howler monkey (D:4)
  4 lava snakes (Volcano)
  3 jellies
  6 crimson imps
  A centaur zombie (D:10)
  4 hounds
  2 bullfrog zombies
  Crazy Yiuf (D:5)
  3 orc priests
  3 bullfrog skeletons
  7 iguanas
  Natasha (thrice) (D:2 D:1)
  12 orc wizards
  7 worker ants
  A bullfrog simulacrum (D:10)
  A hound skeleton (D:7)
  2 worker ant zombies
  10 gnolls
  8 adders
  An adder zombie (D:7)
  A worm (D:3)
  4 dart slugs
  3 leopard geckos
  36 orcs
  4 giant cockroaches
  6 hobgoblins
  17 jackals
  9 quokkas
  2 ball pythons
  14 bats
  7 frilled lizards
  9 goblins
  7 kobolds
  A quokka skeleton (D:6)
  7 rats
290 creatures vanquished.

Vanquished Creatures (others)
  3 gnolls (D:7)
3 creatures vanquished.

Grand Total: 293 creatures vanquished

Notes
Turn   | Place    | Note
-------+----------+-------------------------------------------
     0 | D:1      | mortelune the Draconian Fire Elementalist began the quest for the Orb.
     0 | D:1      | Reached XP level 1. HP: 14/14 MP: 3/3
   297 | D:1      | Reached XP level 2. HP: 9/20 MP: 0/5
   302 | D:1      | Learned a level 2 spell: Throw Flame
  1131 | D:2      | Found a hide-covered altar of Uskayaw.
  1131 | D:2      | Noticed a hand axe
  1131 | D:2      | Noticed a dagger
  1162 | D:2      | Reached skill level 1 in Fighting
  1162 | D:2      | Reached XP level 3. HP: 27/28 MP: 1/6
  1611 | D:2      | Reached XP level 4. HP: 35/35 MP: 2/7
  1663 | D:2      | Found a faded altar of an unknown god.
  1688 | D:2      | Noticed Natasha
  1694 | D:2      | Killed Natasha
  1820 | D:2      | Noticed Natasha
  1858 | D:1      | Killed Natasha
  1976 | D:1      | Noticed Natasha
  1978 | D:1      | Killed Natasha
  1978 | D:1      | Reached XP level 5. HP: 27/41 MP: 5/9
  2093 | D:1      | HP: 2/41 [gnoll/whip of electrocution (6)]
  2522 | D:2      | Learned a level 3 spell: Conjure Flame
  2524 | D:2      | Found a burning altar of Makhleb.
  2569 | D:2      | Became a worshipper of Makhleb the Destroyer
  3522 | D:3      | Reached * piety under Makhleb
  3589 | D:3      | Noticed Scuka's ghost (amateur BaFi)
  3895 | D:3      | Killed Scuka's ghost
  3895 | D:3      | Reached XP level 6. HP: 20/51 MP: 0/11
  4141 | D:3      | Noticed an ice beast
  4156 | D:3      | Killed an ice beast
  4156 | D:3      | Your scales start taking on a rich purple colour.
  4156 | D:3      | Reached XP level 7. HP: 57/57 MP: 2/13
  4251 | D:3      | Found a snail-covered altar of Cheibriados.
  4352 | D:3      | Found a white marble altar of Elyvilon.
  4442 | D:3      | Found a radiant altar of Vehumet.
  4445 | D:3      | Found a deep blue altar of Sif Muna.
  4595 | D:3      | Learned a level 4 spell: Sticky Flame
  4623 | D:3      | Found a shadowy altar of Dithmenos.
  5239 | D:4      | Noticed a hippogriff
  5330 | D:4      | Reached skill level 1 in Polearms
  5330 | D:4      | Reached skill level 5 in Conjurations
  5623 | D:5      | Entered Level 5 of the Dungeon
  5941 | D:5      | Reached skill level 5 in Spellcasting
  5941 | D:5      | Reached skill level 5 in Fire Magic
  6066 | D:5      | Reached XP level 8. HP: 65/66 MP: 4/15
  6085 | D:5      | Reached ** piety under Makhleb
  6086 | D:5      | Noticed Prince Ribbit
  6302 | D:5      | Noticed Eustachio
  6320 | D:5      | Killed Eustachio
  6433 | D:5      | Killed Prince Ribbit
  6559 | D:5      | Noticed a two-headed ogre
  6571 | D:5      | Killed a two-headed ogre
  6571 | D:5      | Reached skill level 5 in Fighting
  6571 | D:5      | Reached XP level 9. HP: 63/74 MP: 3/18
  6756 | D:5      | Found an opulent altar of Gozag.
  7092 | D:5      | Found a runed door.
  7096 | D:5      | Noticed Crazy Yiuf
  7101 | D:5      | Killed Crazy Yiuf
  7218 | D:6      | Found a staircase to the Ecumenical Temple.
  7293 | D:6      | Found a bloodstained altar of Trog.
  7751 | D:6      | Found an opulent altar of Gozag.
  8334 | D:7      | Found an iron altar of Okawaru.
  8344 | D:7      | Reached skill level 1 in Invocations
  8625 | D:7      | Learned a level 5 spell: Fireball
  8630 | D:7      | Noticed Pikel
  8637 | D:7      | Killed Pikel
  8924 | D:7      | Noticed Menkaure
  8926 | D:7      | Killed Menkaure
  9287 | D:7      | Got an encrusted shield
  9288 | D:7      | Identified the cursed +0 shield of Royalty {*Drain rC+ Str+4 Stlth+} (You found it on level 7 of the Dungeon)
 10259 | D:8      | Reached *** piety under Makhleb
 10291 | D:8      | Reached XP level 10. HP: 71/86 MP: 1/19
 10433 | D:8      | Found a staircase to the Lair.
 11582 | D:9      | Noticed Joseph
 11608 | D:9      | Killed Joseph
 11608 | D:9      | Reached skill level 5 in Polearms
 11970 | D:9      | Noticed a two-headed ogre
 11989 | D:9      | Killed a two-headed ogre
 11989 | D:9      | Reached skill level 5 in Invocations
 12763 | D:9      | Noticed a two-headed ogre
 12783 | D:9      | Killed a two-headed ogre
 13372 | D:10     | Entered Level 10 of the Dungeon
 13404 | D:10     | Reached **** piety under Makhleb
 13663 | D:10     | Reached XP level 11. HP: 95/95 MP: 10/20
 15499 | D:11     | Noticed Psyche
 15514 | D:11     | Killed Psyche
 15685 | D:11     | Noticed an obsidian statue
 15782 | D:11     | Paralysed by fainting for 5 turns
 16000 | D:11     | Found a staircase to the Orcish Mines.
 17303 | Lair:1   | Entered Level 1 of the Lair of Beasts
 17344 | Lair:1   | Found a dark tunnel.
 17369 | Volcano  | Entered a volcano
 17975 | Volcano  | Found a bloodstained altar of Trog.
 17975 | Volcano  | Noticed a sun demon
 17979 | Volcano  | HP: 3/97 [red devil/trident of flaming (2)]
 17980 | Volcano  | Noticed a red ugly thing
 17980 | Volcano  | Demolished by a red devil

Vault maps used:
D:1:      evilmike_arrival_fibonacci_small
D:2:      overflow_temple_1_default, dancing_weapons_uskayaw,
          chequers_ecumenical_altar_simple_redux, uniq_natasha
D:3:      cheibriados_altar_1, marbit_many_paths,
          minmay_overflow_temple_star_quad, minmay_splitting_lines,
          grunt_ministairs_9
D:4:      first_bread, eino_tiny_chamber, lightli_corner_chamber
D:5:      lemuel_tele_altar, uniq_eustachio, uniq_crazy_yiuf_cottage,
          uniq_prince_ribbit1
D:6:      kennysheep_mini, lemuel_doored_altar,
          minmay_temple_entry_statues_fountains
D:7:      basic_altar, uniq_menkaure, uniq_pikel
D:8:      minmay_lair_entry_grove, the_bakery
D:9:      uniq_joseph
D:10:     serial_ice, serial_ice_a, serial_ice_d, serial_ice_f, serial_ice_m,
          columned_hall_lemuel
D:11:     minmay_orc_entry_guard_dogs, minivault_16, uniq_psyche
Lair:1:   nicolae_volcano_entry_lava_flow, grunt_forest_large_clearings,
          infiniplex_staircase_pool_2, lemuel_fruit_tree, grunt_megastairs_5,
          lemuel_fruit_fields
Volcano:  volcano_lake

Skill      XL: |  1  2  3  4  5  6  7  8  9 10 11 |
---------------+----------------------------------+-----
Fighting       | 1 2 3 4 5 7 8 9 |  9.3
Conjurations   | 2 3 4 5 6 7 8 9 |  9.4
Spellcasting   | 3 4 5 6 |  6.3
Fire Magic     | 4 5 6 7 8 9 |  9.2
Polearms       | 2 3 4 5 6 |  6.8
Invocations    | 3 5 6 |  6.9
Dodging        | |  1.7
Stealth        | |  1.7

Action                   |  1- 3 |  4- 6 |  7- 9 | 10-12 || total
-------------------------+-------+-------+-------+-------++-------
Melee: Mace              |    14 |    11 |       |       ||    25
       Unarmed           |     3 |       |       |       ||     3
       Whip              |     2 |       |       |       ||     2
       Tailslap          |     1 |     4 |     6 |     6 ||    17
       Halberd           |       |    36 |    90 |    79 ||   205
 Cast: Flame Tongue      |    38 |    55 |   180 |   204 ||   477
       Throw Flame       |     6 |    39 |    59 |    87 ||   191
       Conjure Flame     |       |     2 |    10 |     8 ||    20
       Sticky Flame      |       |       |    11 |    36 ||    47
       Fireball          |       |       |     3 |    14 ||    17
Invok: Minor Destruction |       |       |     3 |       ||     3
       Major Destruction |       |       |       |     2 ||     2
       Lesser Servant of |       |       |       |     1 ||     1
 Abil: Breathe Dispellin |       |       |     2 |       ||     2
  Use: Scroll            |       |     3 |     8 |     3 ||    14
       Potion            |       |       |       |     5 ||     5
 Stab: Sleeping          |       |       |     1 |       ||     1
  Eat: Chunk             |     2 |     5 |    19 |    24 ||    50
       Meat ration       |       |     1 |     1 |     1 ||     3
       Fruit             |       |       |     1 |     3 ||     4
       Bread ration      |       |       |       |     1 ||     1
       Royal jelly       |       |       |       |     1 ||     1
Armor: Skin              |     9 |    29 |    32 |    53 ||   123
Dodge: Dodged            |    27 |    70 |    68 |    91 ||   256

Table legend:
 A = Spawn XP
 B = Non-spawn XP
 C = Spawn XP percentage of total XP
 D = Spawn monster count
 E = Non-spawn monster count
 F = Spawn count percentage of total count
 G = Total turns spent on level
                    A         B        C        D         E        F      G
               +---------+---------+-------+---------+---------+-------+---------
         Total |       0 |   17450 |   0.0 |       0 |     289 |   0.0 | 17980
               +---------+---------+-------+---------+---------+-------+---------
           D:1 |       0 |     128 |   0.0 |       0 |      24 |   0.0 |  1937
           D:2 |       0 |     151 |   0.0 |       0 |      32 |   0.0 |  1205
           D:3 |       0 |     504 |   0.0 |       0 |      33 |   0.0 |  1678
           D:4 |       0 |     217 |   0.0 |       0 |      15 |   0.0 |   865
           D:5 |       0 |    2200 |   0.0 |       0 |      23 |   0.0 |  1504
           D:6 |       0 |     311 |   0.0 |       0 |      11 |   0.0 |   934
           D:7 |       0 |    1867 |   0.0 |       0 |      20 |   0.0 |  1776
           D:8 |       0 |    2085 |   0.0 |       0 |      32 |   0.0 |  1779
           D:9 |       0 |    3163 |   0.0 |       0 |      26 |   0.0 |  1753
          D:10 |       0 |    3377 |   0.0 |       0 |      45 |   0.0 |  2031
          D:11 |       0 |    2609 |   0.0 |       0 |      22 |   0.0 |  1841
        Lair:1 |       0 |     652 |   0.0 |       0 |       2 |   0.0 |    66
       Volcano |       0 |     186 |   0.0 |       0 |       4 |   0.0 |   611
               +---------+---------+-------+---------+---------+-------+---------
